 Dungeon Crawl Stone Soup version 0.19.1 (webtiles) character file.

12061 dajomu the Carver (level 11, -10/99 HPs)
             Began as a Minotaur Fighter on Dec 17, 2016.
             Was a High Priest of Okawaru.
             Killed from afar by a red draconian (13 damage)
             ... with a searing blast
             ... in a volcano on Dec 22, 2016.
             The game lasted 01:06:03 (11477 turns).

dajomu the Carver (Minotaur Fighter)               Turns: 11477, Time: 01:06:04

Health: -10/99     AC: 12    Str: 22    XL:     11   Next: 57%
Magic:  19/19      EV: 13    Int:  6    God:    Okawaru [*****.]
Gold:   442        SH: 16    Dex: 12    Spells: 0 memorised, 10 levels left

rFire  . . .     SeeInvis .     a - +2 long sword (flame)
rCold  . . .     Gourm    .     o - +2 ring mail {rPois}
rNeg   . . .     Faith    .     c - +0 shield
rPois  +         Spirit   .     (helmet restricted)
rElec  .         Reflect  +     q - +1 cloak {MR+}
rCorr  .         Harm     .     (no gloves)
MR     +....                    V - +0 pair of boots
Stlth  +.........               G - +4 amulet of reflection
                                s - +3 ring of intelligence
                                Y - ring of magical power

@: no status effects
A: retaliatory headbutt, horns 2, dopey 1
a: Heroism, Finesse, Renounce Religion


You were in a volcano.
You worshipped Okawaru.
Okawaru was extremely pleased with you.
You were not hungry.

You visited 2 branches of the dungeon, and saw 12 of its levels.
You also visited: Volcano.

You collected 610 gold pieces.
You spent 168 gold pieces at shops.

Inventory:

Hand Weapons
 a - a +2 long sword of flaming (weapon)
 e - the +6 rapier of Raobut {elec, rC+}
   (You found it on level 9 of the Dungeon)

   Occasionally, upon striking a foe, it will discharge some electrical energy
   and cause terrible harm.
   It protects you from cold.
 g - the +3 dagger "Dauxtoc" {venom, rC+++ Int+4 Dex-2 SInv}
   (Okawaru gifted it to you on level 11 of the Dungeon)

   It poisons the flesh of those it strikes.
   It affects your intelligence (+4).
   It affects your dexterity (-2).
   It renders you almost immune to cold.
   It lets you see invisible.
 m - a +1 eveningstar of draining
 r - a +0 mace of protection
 F - a +2 flail of crushing
 M - the +3 war axe of Valiance {flame, +Blink rPois}
   (You found it on level 5 of the Dungeon)

   It has been specially enchanted to burn those struck by it, causing extra
   injury to most foes and up to half again as much damage against particularly
   susceptible opponents.
   Big, fiery blades are also staple armaments of hydra-hunters.
   It protects you from poison.
   It lets you blink.
 Z - a +0 blowgun
Missiles
 i - 80 poisoned needles
 x - 10 tomahawks (quivered)
Armour
 b - a +0 scale mail
 c - a +0 shield (worn)
 o - a +2 ring mail of poison resistance (worn)
 q - a +1 cloak of magic resistance (worn)
 u - a +2 robe of positive energy
 z - +0 steam dragon scales
 V - a +0 pair of boots (worn)
Jewellery
 f - a +2 ring of intelligence
 l - an uncursed amulet of faith
 s - a +3 ring of intelligence (right hand)
 G - a +4 amulet of reflection (around neck)
 Y - a ring of magical power (left hand)
Wands
 n - a wand of flame (15/48)
 p - a wand of confusion (30/48)
 y - a wand of acid (9/15)
 E - a wand of flame (17/48)
 T - a wand of random effects (22/48)
Scrolls
 v - 3 scrolls of remove curse
 A - a scroll of silence {unknown}
 B - a scroll of amnesia
 C - a scroll of fear
 K - a scroll of teleportation
 N - a scroll of noise
 O - 3 scrolls of recharging
 X - a scroll of blinking {unknown}
Potions
 d - a potion of might
 h - 3 potions of lignification
 t - 4 potions of heal wounds
 w - 2 potions of ambrosia {unknown}
 H - 2 potions of flight
 I - a potion of berserk rage
 J - 2 potions of curing
 P - 2 potions of cure mutation {unknown}
Books
 j - a book of Maledictions

   Spells                             Type                      Level
   a - Corona                         Hexes                        1
   b - Ensorcelled Hibernation        Hexes/Ice                    2
   c - Confuse                        Hexes                        3
   d - Tukima's Dance                 Hexes                        3
   e - Dazzling Spray                 Conjuration/Hexes            3
 Q - a book of Air

   Spells                             Type                      Level
   a - Shock                          Conjuration/Air              1
   b - Swiftness                      Charms/Air                   2
   c - Repel Missiles                 Charms/Air                   2
   d - Static Discharge               Conjuration/Air              3
   e - Lightning Bolt                 Conjuration/Air              5
 U - a book of Changes

   Spells                             Type                      Level
   a - Beastly Appendage              Transmutation                1
   b - Sticks to Snakes               Transmutation                2
   c - Spider Form                    Transmutation/Poison         3
   d - Ice Form                       Ice/Transmutation            4
   e - Blade Hands                    Transmutation                5
 W - a book of Misfortune

   Spells                             Type                      Level
   a - Confusing Touch                Hexes                        1
   b - Confuse                        Hexes                        3
   c - Gell's Gravitas                Hexes/Translocation          3
   d - Petrify                        Transmutation/Earth          4
   e - Metabolic Englaciation         Hexes/Ice                    5
   f - Yara's Violent Unravelling     Hexes/Transmutation          5
Comestibles
 k - 4 meat rations
 D - 3 bread rations
 R - a beef jerky
 S - a fruit


   Skills:
 + Level 9.7 Fighting
 + Level 1.9(7.7) Short Blades
 + Level 12.5(12.6) Long Blades
 + Level 9.1 Armour
 + Level 6.0 Dodging
 + Level 1.8 Stealth
 + Level 11.7 Shields


You had 10 spell levels left.
You didn't know any spells.

Dungeon Overview and Level Annotations

Branches:
Dungeon (11/15)            Temple (0/1) D:7            Lair (1/6) D:11
    Orc: D:9-12

Altars:
Ashenzari
Cheibriados
Gozag
Hepliaklqana
Nemelex Xobeh
Okawaru
Ru
Sif Muna
Trog
Uskayaw
Xom
The Shining One

Shops:
D:5 !   D:10 [


Innate Abilities, Weirdness & Mutations

You reflexively headbutt those who attack you in melee.
You have a pair of horns on your head.
You are dopey. (Int -2)


Message History

The arrow completely misses the red draconian.
The arrow hits the centaur.
The arrow burns the centaur.
The yaktaur shoots a bolt.
The bolt hits you!
* * * LOW HITPOINT WARNING * * *
The bolt burns you.
* * * LOW HITPOINT WARNING * * *
The red draconian breathes flames at you.
The searing blast hits you!
* * * LOW HITPOINT WARNING * * *
The air gets thick with the scent of sulphur.
The centaur shoots an arrow.
You reflect the arrow off an invisible shield around you!
The arrow hits the centaur!
The arrow burns the centaur.
The centaur dies!
There is a large open door here.
You see here 2 arrows.
You see here 2 arrows.
The red draconian breathes flames at you.
The searing blast hits you!
You die...

#≈§§##..'.._..+
≈≈≈≈#...#.....#
≈≈≈≈#...#######
≈≈≈≈#.(.'!$(![+
§§≈#.)c#..≈..#
#..)#8≈≈≈8#
#.(d..≈..+
#..§(.(..+
≈##.#8@(.8# #≈
§≈###..(..###≈§
§≈≈≈§..(..≈≈§≈§
§≈§§≈8...8≈≈§≈#
#≈≈≈≈≈.....≈≈###
###§≈≈.....≈≈#
#≈§≈8...8≈##
####.....##
#.....#


You could see a red draconian and a yaktaur.

Vanquished Creatures
  A hydra (Lair:1)
  A centaur warrior (Volcano)
  The ghost of markt42 the Basher, a journeyman GrFi of Okawaru (Lair:1)
  Urug (D:11)
  The ghost of kae the Martial Artist, a novice DsMo (D:9)
  An elephant (D:11)
  Joseph (D:7)
  A spiny frog (Lair:1)
  A rime drake (Lair:1)
  A troll (D:10)
  Grinder (D:5)
  A two-headed ogre (D:8)
  A hippogriff (Lair:1)
  3 yaks (Lair:1)
  5 wyverns
  A basilisk (Lair:1)
  Eustachio (D:5)
  2 hungry ghosts
  A steam dragon (D:9)
  Edmund (D:5)
  A mottled dragon (D:9)
  4 water moccasins
  2 porcupines (Lair:1)
  Duvessa (D:5)
  2 orc warriors
  2 phantoms
  A black bear (D:6)
  4 ice beasts
  2 sky beasts
  5 ogres
  3 centaurs
  A crocodile (D:11)
  2 big kobolds
  4 bullfrogs
  Dowan (D:5)
  2 wyvern skeletons
  10 killer bees
  2 howler monkeys
  2 crimson imps
  A quasit (D:9)
  2 jellies
  2 orc priests
  A centaur skeleton (D:5)
  5 hounds
  Crazy Yiuf (D:2)
  4 orc wizards
  4 iguanas
  7 worker ants
  A killer bee zombie (D:7)
  A hound zombie (D:11)
  A hound skeleton (D:9)
  A howler monkey zombie (D:5)
  10 adders
  3 gnolls (D:3)
  A howler monkey skeleton (D:5)
  2 shadow imps
  2 oozes
  An adder zombie (D:9)
  2 adder skeletons
  6 worms
  3 dart slugs
  6 leopard geckos
  27 orcs
  3 ball pythons
  10 giant cockroaches
  8 goblins
  7 hobgoblins
  8 jackals
  14 kobolds
  2 quokkas
  7 bats
  6 frilled lizards
  A leopard gecko skeleton (D:7)
  A leopard gecko zombie (D:6)
  10 rats
249 creatures vanquished.

Vanquished Creatures (others)
  3 centaurs
  2 worker ants (D:7)
  An orc (D:7)
  A giant cockroach (D:1)
  A kobold (D:10)
8 creatures vanquished.

Grand Total: 257 creatures vanquished

Notes
Turn   | Place    | Note
-------+----------+-------------------------------------------
     0 | D:1      | dajomu the Minotaur Fighter began the quest for the Orb.
     0 | D:1      | Reached XP level 1. HP: 19/19 MP: 0/0
   325 | D:1      | Reached XP level 2. HP: 26/27 MP: 1/1
   891 | D:1      | Reached XP level 3. HP: 33/33 MP: 2/2
   966 | D:1      | Reached skill level 3 in Long Blades
  1461 | D:2      | Found a faded altar of an unknown god.
  1461 | D:2      | Found a bloodstained altar of Trog.
  1473 | D:2      | Found a glowing golden altar of the Shining One.
  1480 | D:2      | Found an iron altar of Okawaru.
  1482 | D:2      | Found a faded altar of an unknown god.
  1492 | D:2      | Became a worshipper of Warmaster Okawaru
  1707 | D:2      | Reached XP level 4. HP: 28/40 MP: 3/3
  2110 | D:2      | Found a deep blue altar of Sif Muna.
  2179 | D:2      | Found a runed door.
  2183 | D:2      | Noticed Crazy Yiuf
  2189 | D:2      | Killed Crazy Yiuf
  2189 | D:2      | Reached skill level 4 in Long Blades
  2474 | D:3      | Found a sacrificial altar of Ru.
  2593 | D:3      | Reached XP level 5. HP: 46/46 MP: 4/4
  2825 | D:3      | Found an opulent altar of Gozag.
  2942 | D:3      | Reached skill level 1 in Dodging
  2943 | D:3      | HP: 1/46 [gnoll/halberd (9)]
  3437 | D:4      | Gained mutation: You are dopey. (Int -2) [potion of mutation]
  3437 | D:4      | Gained mutation: You evolve. [potion of mutation]
  3437 | D:4      | Gained mutation: You are frail. (-10% HP) [potion of mutation]
  3828 | D:4      | Reached skill level 5 in Long Blades
  3910 | D:4      | Reached skill level 5 in Armour
  3910 | D:4      | Reached XP level 6. HP: 42/47 MP: 5/5
  4112 | D:5      | Entered Level 5 of the Dungeon
  4114 | D:5      | Noticed Eustachio
  4204 | D:5      | Reached skill level 5 in Shields
  4243 | D:5      | Found Xotunu's Distillery.
  4260 | D:5      | Reached * piety under Okawaru
  4273 | D:5      | Bought a potion of flight for 36 gold pieces
  4273 | D:5      | Bought a potion of berserk rage for 60 gold pieces
  4273 | D:5      | Bought a potion of curing for 36 gold pieces
  4273 | D:5      | Bought a potion of curing for 36 gold pieces
  4356 | D:5      | Noticed Dowan
  4356 | D:5      | Noticed Duvessa
  4370 | D:5      | Killed Duvessa
  4383 | D:5      | Killed Dowan
  4383 | D:5      | Reached skill level 5 in Fighting
  4383 | D:5      | Reached XP level 7. HP: 38/54 MP: 6/6
  4450 | D:5      | Noticed Edmund
  4468 | D:5      | Killed Edmund
  4468 | D:5      | Reached skill level 6 in Long Blades
  4554 | D:5      | Got a polished war axe
  4697 | D:5      | Reached ** piety under Okawaru
  4803 | D:5      | Killed Eustachio
  5253 | D:5      | Reached skill level 7 in Long Blades
  5253 | D:5      | Reached XP level 8. HP: 56/62 MP: 7/7
  5274 | D:5      | Noticed Grinder
  5286 | D:5      | Killed Grinder
  5418 | D:6      | Found a sparkling altar of Nemelex Xobeh.
  5580 | D:6      | Reached skill level 8 in Long Blades
  5697 | D:6      | Found a bloodstained altar of Trog.
  5715 | D:6      | Reached *** piety under Okawaru
  5816 | D:6      | Reached XP level 9. HP: 57/70 MP: 8/8
  5826 | D:6      | Identified the +3 war axe of Valiance {flame, +Blink rPois} (You found it on level 5 of the Dungeon)
  5835 | D:6      | Found a deep blue altar of Sif Muna.
  6024 | D:7      | Noticed Joseph
  6044 | D:7      | Killed Joseph
  6044 | D:7      | Reached skill level 9 in Long Blades
  6238 | D:7      | Found a hide-covered altar of Uskayaw.
  6431 | D:7      | Reached **** piety under Okawaru
  6704 | D:7      | Found a shimmering altar of Xom.
  6706 | D:7      | Found a hazy altar of Hepliaklqana.
  6791 | D:7      | Found a hide-covered altar of Uskayaw.
  6916 | D:7      | Found a staircase to the Ecumenical Temple.
  7143 | D:7      | Found a shattered altar of Ashenzari.
  7143 | D:7      | Found a snail-covered altar of Cheibriados.
  7250 | D:8      | Lost mutation: You are frail. (-10% HP) [evolution]
  7250 | D:8      | Lost mutation: You evolve. [end of evolution]
  7851 | D:8      | Reached skill level 1 in Stealth
  8157 | D:8      | Reached skill level 10 in Long Blades
  8357 | D:8      | You fall through a shaft!
  8393 | D:9      | Reached XP level 10. HP: 75/86 MP: 9/9
  8667 | D:9      | Got an ichor-stained rapier
  8759 | D:9      | Noticed kae's ghost (novice DsMo)
  8777 | D:9      | Killed kae's ghost
  8777 | D:9      | Reached ***** piety under Okawaru
  8777 | D:9      | Reached skill level 10 in Shields
  9016 | D:9      | Reached skill level 5 in Dodging
  9074 | D:9      | Reached skill level 11 in Long Blades
  9525 | D:9      | Identified the +6 rapier of Raobut {elec, rC+} (You found it on level 9 of the Dungeon)
  9600 | D:10     | Entered Level 10 of the Dungeon
  9882 | D:10     | Found Zurphua's Armour Shoppe.
 10220 | D:10     | Reached skill level 1 in Short Blades
 10601 | D:11     | Received a gift from Okawaru
 10615 | D:11     | Got an ancient dagger {god gift}
 10617 | D:11     | Identified the +3 dagger "Dauxtoc" {venom, rC+++ Int+4 Dex-2 SInv} (Okawaru gifted it to you on level 11 of the Dungeon)
 10691 | D:11     | Noticed Urug
 10704 | D:11     | Killed Urug
 10805 | D:11     | Reached XP level 11. HP: 78/95 MP: 10/10
 10816 | D:11     | Found a staircase to the Lair.
 10965 | Lair:1   | Entered Level 1 of the Lair of Beasts
 11029 | Lair:1   | Noticed a four-headed hydra
 11039 | Lair:1   | Killed a one-headed hydra
 11103 | Lair:1   | Reached skill level 12 in Long Blades
 11332 | Lair:1   | Noticed markt42's ghost (journeyman GrFi)
 11333 | Lair:1   | Found a dark tunnel.
 11356 | Lair:1   | Killed markt42's ghost
 11356 | Lair:1   | Received a gift from Okawaru
 11388 | Volcano  | Entered a volcano
 11460 | Volcano  | Noticed a centaur warrior
 11463 | Volcano  | Found a bloodstained altar of Trog.
 11464 | Volcano  | Noticed a red draconian
 11474 | Volcano  | Killed a centaur warrior
 11474 | Volcano  | HP: 2/99 [red draconian/searing blast (20)]
 11477 | Volcano  | Killed from afar by a red draconian

Skill      XL: |  1  2  3  4  5  6  7  8  9 10 11 |
---------------+----------------------------------+-----
Armour         | 4 5 6 7 8 9 |  9.1
Fighting       | 4 5 6 7 8 9 |  9.7
Long Blades    | 3 4 5 7 8 10 11 12 | 12.5
Shields        | 4 5 6 7 9 11 | 11.7
Dodging        | 1 2 4 5 6 |  6.0
Stealth        | 1 |  1.8
Short Blades   | 1 |  1.9

Action                   |  1- 3 |  4- 6 |  7- 9 | 10-12 || total
-------------------------+-------+-------+-------+-------++-------
Melee: Long sword        |   109 |   201 |   368 |   249 ||   927
       Headbutt          |    13 |    44 |    94 |    60 ||   211
       Rapier            |       |       |       |    14 ||    14
  Use: Scroll            |       |     6 |     5 |    11 ||    22
       Potion            |       |     3 |     1 |     5 ||     9
  Eat: Beef jerky        |     1 |     1 |       |       ||     2
       Bread ration      |       |     2 |     2 |     1 ||     5
       Meat ration       |       |       |     1 |     2 ||     3
Armor: Scale mail        |    59 |   118 |   103 |    30 ||   310
       Ring mail         |       |       |       |     1 ||     1
Dodge: Dodged            |    40 |    81 |   112 |    88 ||   321
Block: Shield            |    60 |   134 |   245 |   210 ||   649
       Reflection        |       |       |     2 |    27 ||    29
       Rpst.: Long sword |     7 |    19 |    41 |    24 ||    91
